 Dungeon Crawl Stone Soup version 0.14.1-27-g0f46f74 (webtiles) character file.

773 Gev the Spear-Bearer (level 7, -10/56 HPs)
             Began as a Merfolk Berserker on Aug 5, 2014.
             Was a Priest of Trog.
             Killed from afar by Ijyb (13 damage)
             ... with a wand of flame
             ... on Level 5 of the Dungeon.
             The game lasted 00:19:36 (3244 turns).

Gev the Spear-Bearer (Merfolk Berserker)            Turns: 3244, Time: 00:19:36

HP -10/56        AC 11     Str 19      XL: 7   Next: 45%
MP   7/7         EV  7     Int  6      God: Trog [***...]
Gold 157         SH  0     Dex 14      Spells:  0 memorised,  6 levels left

rFire  . . .     SeeInvis .     y - +2,+0 spear (pierce)
rCold  . . .     Clarity  .     g - +0 chain mail
rNeg   . . .     Conserve .     (no shield)
rPois  .         rCorr    .     (no helmet)
rElec  .         rRot     .     (no cloak)
SustAb . .       Spirit   .     m - +2 pair of gloves
rMut   .         Warding  .     (no boots)
Gourm  +         Stasis   .     c - amulet of the gourmand
MR     ++...                    (no ring)
                                (no ring)

@: regenerating, lethally poisoned, very resistant to hostile enchantments,
extremely unstealthy
A: change form in water, swift swim
a: Burn Spellbooks, Berserk, Trog's Hand, Renounce Religion


You were on level 5 of the Dungeon.
You worshipped Trog.
Trog was most pleased with you.
You were not hungry.

You visited 1 branch of the dungeon, and saw 5 of its levels.

You collected 157 gold pieces.

Inventory:

Hand weapons
 a - a +0,+0 spear
 u - a +0,+0 trident
 w - a +2,+0 halberd
 y - a +2,+0 spear of piercing (weapon)
Missiles
 o - 19 darts of flame (quivered)
 x - 5 darts
Armour
 b - a +0 animal skin
 g - a +0 chain mail (worn)
 l - a +0 ring mail
 m - a +2 pair of gloves (worn)
Magical devices
 k - a wand of fireball (3) {unknown}
Comestibles
 j - a meat ration
 p - an apple
 z - 11 grapes
 A - a banana
 B - 2 sultanas
 D - a bread ration
Scrolls
 d - 2 scrolls of identify
 f - a scroll of teleportation
 h - a scroll of remove curse
 r - a scroll of magic mapping
Jewellery
 c - an amulet of the gourmand (around neck)
 C - an uncursed ring of fire
Potions
 e - a potion of haste {unknown}
 i - 2 potions of restore abilities {unknown}
 n - 2 potions of confusion {unknown}
 q - 4 potions of curing {unknown}
 s - 2 potions of mutation {unknown}
 t - a potion of might {unknown}
 v - a potion of heal wounds {unknown}


   Skills:
 + Level 5.2 Fighting
 * Level 10.2 Polearms
 + Level 0.2 Throwing
 - Level 1.3 Armour
 - Level 2.6 Dodging
 + Level 2.0 Stealth


You had 6 spell levels left.
You didn't know any spells.

Dungeon Overview and Level Annotations

Branches:
Dungeon (5/15)             Temple (0/1) D:5

Altars:
Nemelex Xobeh

Annotations:
D:5 Ijyb, Natasha


Message History

The orc wizard casts a spell at you. The magic dart hits you!
* * * LOW HITPOINT WARNING * * *
You hit Ijyb.
Ijyb is heavily wounded.
You barely miss Ijyb.
Ijyb is heavily wounded.
Ijyb hits you but does no damage.
Natasha comes into view.
You completely miss Ijyb.
Ijyb is heavily wounded.
You hear the slow rusting of a drain, a long way away.
Natasha hisses angrily.
The orc priest looks braver.
Natasha casts a spell.
You hit Ijyb.
Ijyb is severely wounded.
Ijyb zaps a wand.
The puff of flame hits you!
One of your 2 scrolls of magic mapping catches fire!
You die...

#.# #...# #.#
#...# ##. #.#
#...# .. #.# #...#
.. . #.# #...# .#
... #.# #...# .#
≈≈ ≈ #.#
#...##.#≈#...
####.......≈.....
.h.......@oo≈....$
..........g.≈...>.
............≈....
........?..o....
.#######.#;#...
.#o≈ ≈ .# #. .. #


You could see Ijyb, a big fish, an orc priest, an orc wizard, Natasha and 2
orcs.

Vanquished Creatures
  An ogre (D:4)
  Sigmund (D:3)
  A giant frog (D:3)
  The ghost of Gev the Poker, a weakling MfBe of Trog (D:3)
  A gnoll shaman (D:4)
  An orc wizard (D:3)
  Natasha (D:5)
  A worker ant (D:5)
  6 gnolls
  8 adders
  A giant mite (D:3)
  A worm (D:3)
  An adder skeleton (D:4)
  2 giant geckos
  An ooze (D:1)
  5 orcs
  9 bats
  5 giant cockroaches
  12 goblins
  12 hobgoblins
  16 jackals
  9 kobolds
  3 quokkas
  2 ball pythons
  7 giant newts
  6 rats
114 creatures vanquished.

Notes
Turn   | Place    | Note
--------------------------------------------------------------
     0 | D:1      | Gev, the Merfolk Berserker, began the quest for the Orb.
     0 | D:1      | Reached XP level 1. HP: 18/18 MP: 1/1
     6 | D:1      | Noticed a killer bee
     6 | D:1      | Noticed a polar bear
     6 | D:1      | Noticed a salamander
     6 | D:1      | Noticed a hound
   191 | D:1      | Reached XP level 2. HP: 17/24 MP: 2/2
   235 | D:1      | Reached skill level 5 in Polearms
   253 | D:1      | Found a sparkling altar of Nemelex Xobeh.
   816 | D:1      | Reached XP level 3. HP: 19/29 MP: 3/3
   819 | D:1      | Acquired Trog's second power
  1465 | D:2      | Reached skill level 6 in Polearms
  1688 | D:3      | Reached XP level 4. HP: 12/37 MP: 4/4
  1706 | D:3      | Noticed Gev's ghost (weakling MfBe)
  1720 | D:3      | Killed Gev's ghost
  1720 | D:3      | Reached skill level 7 in Polearms
  1720 | D:3      | Reached XP level 5. HP: 27/42 MP: 5/5
  1983 | D:3      | Noticed Sigmund
  2008 | D:3      | Killed Sigmund
  2008 | D:3      | Reached skill level 8 in Polearms
  2066 | D:3      | Reached XP level 6. HP: 45/49 MP: 6/6
  2122 | D:3      | Noticed a giant frog
  2131 | D:3      | Killed a giant frog
  2131 | D:3      | Reached skill level 1 in Stealth
  2348 | D:3      | Reached skill level 9 in Polearms
  2558 | D:4      | Reached XP level 7. HP: 34/55 MP: 7/7
  2674 | D:4      | Reached skill level 5 in Fighting
  2968 | D:4      | Reached skill level 10 in Polearms
  3181 | D:5      | Entered Level 5 of the Dungeon
  3181 | D:5      | Noticed Natasha
  3198 | D:5      | Killed Natasha
  3200 | D:5      | Acquired Trog's third power
  3232 | D:5      | Noticed Ijyb
  3235 | D:5      | Found a staircase to the Ecumenical Temple.
  3240 | D:5      | HP: 1/56 [orc wizard/magic dart (5)]
  3243 | D:5      | Noticed Natasha
  3244 | D:5      | Killed from afar by Ijyb

Action                   |  1- 3 |  4- 6 |  7- 9 || total
-------------------------+-------+-------+-------++-------
Melee: Spear             |   216 |   180 |   100 ||   496
       Trident           |       |    40 |       ||    40
Throw: Dart              |       |     3 |       ||     3
Invok: Trog's Hand       |     2 |     6 |     3 ||    11
       Berserk           |       |     2 |       ||     2
  Use: Scroll            |     1 |     9 |     2 ||    12
